 Dungeon Crawl Stone Soup version 0.31-a0-188-g5e087ee2ca (webtiles) character file.

Game seed: 14947539117493112068

1999 qw the Skirmisher (level 9, 0/50 HPs)
             Began as a Deep Elf Hunter on June 23, 2023.
             Was a Follower of Okawaru.
             Slain by a gnoll
             ... wielding a +0 halberd
             ... led by a gnoll sergeant
              (4 damage)
             ... on level 7 of the Dungeon.
             The game lasted 00:02:28 (5050 turns).

qw the Skirmisher (Deep Elf Hunter)                 Turns: 5050, Time: 00:02:28

Health: 0/50       AC: 12    Str: 12    XL:     9   Next: 2%
Magic:  11/13      EV: 18    Int: 15    God:    Okawaru [*.....]
Gold:   194        SH:  0    Dex: 18    Spells: 8/8 levels left

rFire   . . .        Y - +0 triple crossbow
rCold   . . .        (shield currently unavailable)
rNeg    . . .        f - +2 scale mail {Will+}
rPois   +            (no helmet)
rElec   .            a - +0 cloak
rCorr   .            j - +0 pair of gloves
SInv    .            (no boots)
Will    +....        e - amulet of regeneration
Stlth   ++           b - ring of poison resistance
HPRegen 1.08/turn    g - +5 ring of evasion
MPRegen 0.13/turn

%: no passive effects
@: lethally poisoned (0 -> 0), about to teleport, heroic
A: no striking features
a: Renounce Religion, Heroism


You were on level 7 of the Dungeon.
You worshipped Okawaru.
Okawaru was aware of your devotion.
You visited 2 branches of the dungeon, and saw 8 of its levels.

You collected 388 gold pieces.
You spent 194 gold pieces at shops.


   Skills:
 - Level 3.0(8.0) Fighting
 - Level 14.0(19.0) Ranged Weapons
 - Level 2.3(7.3) Armour
 + Level 3.6(8.6) Dodging
 - Level 1.2(6.2) Stealth
 + Level 3.2 Invocations


You had 8 spell levels left.
You didn't know any spells.
Your spell library was empty.

Inventory:

Hand Weapons
 Y - a +0 triple crossbow (weapon)
Armour
 a - a +0 cloak (worn)
 f - a +2 scale mail of willpower (worn)
 j - a +0 pair of gloves (worn)
 o - a +0 ring mail of cold resistance
 p - a +0 ring mail of poison resistance
Jewellery
 b - a ring of poison resistance (left hand)
 c - a ring of willpower
 e - an amulet of regeneration (around neck)
 g - a +5 ring of evasion (right hand)
 k - a +6 ring of strength
 n - a +4 ring of protection
 r - a ring of resist corrosion
Scrolls
 s - a scroll of identify
Potions
 d - a potion of enlightenment
 h - a potion of heal wounds
 i - a potion of lignification {unknown}
 l - a potion of curing {unknown}
 m - a potion of magic {unknown}
 t - 2 potions of mutation {unknown}

Dungeon Overview and Level Annotations

Branches:
Dungeon (7/15)             Temple (1/1) D:5

Altars:
Ashenzari
Cheibriados
Dithmenos
Elyvilon
Gozag
Hepliaklqana
Kikubaaqudgha
Makhleb
Nemelex Xobeh
Okawaru
Qazlal
Ru
Trog
Uskayaw
Vehumet
Wu Jian
Xom
Yredelemnul
Zin
The Shining One

Shops:
D:1 (   D:5 [   D:6 (


Message History

Enter note: You shoot a bolt.
The bolt barely misses the gnoll.
You hear a shout!
A gnoll sergeant comes into view. It is wielding a +5 trident of venom.
You hear a shout!
You shoot a bolt.
The bolt closely misses the gnoll sergeant.
The gnoll sergeant hits you from afar with a +5 trident of venom!
The gnoll sergeant closely misses you.
5045 ||| INVOKING Heroism.
You gain the combat prowess of a mighty hero.
The gnoll sergeant barely misses you.
You shoot a bolt.
The bolt hits the gnoll sergeant but does no damage.
A gnoll comes into view. It is wielding a +0 halberd.
The gnoll sergeant misses you.
You shoot a bolt. The bolt hits the gnoll sergeant!
The gnoll sergeant is heavily wounded.
The gnoll sergeant hits you from afar with a +5 trident of venom!
You are poisoned.
The gnoll sergeant hits you but does no damage.
You shoot a bolt. The bolt hits the gnoll sergeant!!
You kill the gnoll sergeant!
Okawaru accepts your kill.
You feel very sick.
The gnoll hits you from afar with a +0 halberd!
You have reached level 9!
Your experience leads to an increase in your attributes!
Increase (S)trength, (I)ntelligence, or (D)exterity?
You feel stronger. x2
You shoot a bolt. The bolt hits the gnoll.
The gnoll is lightly wounded.
You feel very sick.
The gnoll hits you from afar with a +0 halberd!
5050 ||| READING scroll of teleportation.
As you read the scroll of teleportation, it crumbles to dust.
You feel strangely unstable.
You feel sick.
The gnoll hits you from afar with a +0 halberd.
You die...

. # .# #. #..#
#.#... #...#.
## ..#.#.. .#
(.._...###
...... ?
#g.@.#######
#####.#
#..g#......>...
# #..$# #.
##.########
##...# #.####
###### ...#
#....###..<.
#....#
####..#..#
.......
####....#
####..#
.##.....#.## ##
..
#............##


You could see 2 gnolls.

Vanquished Creatures
  Grinder (D:3)
  Edmund (D:5)
  An ice beast (D:5)
  A black bear (D:5)
  A centaur (D:6)
  2 ogres
  A phantom (D:5)
  A kobold brigand (D:7)
  A bullfrog (D:7)
  A gnoll sergeant (D:7)
  3 scorpions
  A quasit (D:5)
  2 hounds
  A gnoll bouda (D:7)
  3 orc priests
  4 jellies
  A sleepcap (D:6)
  Ijyb (D:4)
  An iguana (D:4)
  3 orc wizards
  6 gnolls (D:7)
  9 adders
  3 shadow imps (D:5)
  6 white imps
  5 ufetubi
  A worm (D:3)
  2 dart slugs
  19 orcs
  5 ball pythons
  6 endoplasms
  2 giant cockroaches
  6 goblins
  11 hobgoblins
  7 jackals
  2 quokkas
  3 training dummies (D:6)
  5 bats
  A frilled lizard (D:3)
  13 kobolds
  3 rats
146 creatures vanquished.

Notes
Turn   | Place    | Note
-------+----------+-------------------------------------------
     0 | D:1      | qw the Deep Elf Hunter began the quest for the Orb.
     0 | D:1      | Reached XP level 1. HP: 12/12 MP: 3/3
     0 | D:1      | 0 ||| qw: Version: 0.3-a-9-g12657ce
     0 | D:1      | 0 ||| qw: Game counter: 4341
     0 | D:1      | 0 ||| qw: Always use a shield: true
     0 | D:1      | 0 ||| qw: God list: Okawaru
     0 | D:1      | 0 ||| qw: Allow faded altars: false
     0 | D:1      | 0 ||| qw: Do Orc after D:15 true
     0 | D:1      | 0 ||| qw: Do second Lair branch before Depths: true
     0 | D:1      | 0 ||| qw: Lair rune preference: random
     0 | D:1      | 0 ||| qw: Plans: Normal
     0 | D:1      | 0 ||| PLANNING D:1-11
   188 | D:1      | Found Jusicsuv's Antique Weapon Emporium.
   206 | D:1      | Reached XP level 2. HP: 16/16 MP: 4/4
   285 | D:1      | Reached skill level 6 in Ranged Weapons
   556 | D:1      | Reached XP level 3. HP: 20/20 MP: 5/5
   627 | D:1      | 627 ||| UPGRADING to amulet of regeneration.
   632 | D:1      | 632 ||| READING scroll labelled IXKEBR QETA.
   733 | D:1      | 733 ||| DRINKING 2 dark potions.
   734 | D:1      | 734 ||| DRINKING 2 inky potions.
   735 | D:1      | 735 ||| DROPPING scroll of butterflies.
   736 | D:1      | 736 ||| DROPPING potion of attraction.
   737 | D:1      | 737 ||| DROPPING potion of degeneration.
   929 | D:2      | Reached skill level 7 in Ranged Weapons
  1017 | D:2      | Found a faded altar of an unknown god.
  1399 | D:2      | 1399 ||| UPGRADING to ring of poison resistance.
  1400 | D:2      | 1400 ||| READING scroll labelled XUIFFYA BYIDE.
  1486 | D:3      | Found a hazy altar of Hepliaklqana.
  1568 | D:3      | Reached XP level 4. HP: 8/25 MP: 6/6
  1712 | D:3      | Noticed Grinder
  1717 | D:3      | Paralysed by Grinder for 3 turns
  1718 | D:3      | HP: 2/25 [Grinder/nerve-wracking pain (10)]
  1723 | D:3      | Killed Grinder
  1724 | D:3      | Reached skill level 9 in Ranged Weapons
  1724 | D:3      | Reached XP level 5. HP: 8/29 MP: 7/7
  1724 | D:3      | Reached XP level 6. HP: 10/34 MP: 8/8
  1752 | D:3      | Found a sacrificial altar of Ru.
  2131 | D:3      | 2131 ||| UPGRADING to +0 cloak.
  2136 | D:3      | 2136 ||| UPGRADING to +0 ring mail.
  2146 | D:3      | 2146 ||| DROPPING +0 leather armour.
  2147 | D:3      | 2147 ||| READING scroll labelled IKKOANWEWOCK.
  2148 | D:3      | 2148 ||| READING scroll labelled WEOXUSK XOARE.
  2149 | D:3      | 2149 ||| READING scroll labelled GOHYMI XIBBUNEPT.
  2150 | D:3      | 2150 ||| READING scroll labelled YMMIMP BUZUY.
  2154 | D:3      | 2154 ||| READING scroll labelled HUSSYWNUWK.
  2179 | D:4      | Found a glowing golden altar of the Shining One.
  2211 | D:4      | Found a radiant altar of Vehumet.
  2228 | D:4      | Reached skill level 10 in Ranged Weapons
  2240 | D:4      | Reached skill level 3 in Dodging
  2309 | D:4      | Reached skill level 1 in Armour
  2370 | D:4      | Noticed Ijyb
  2398 | D:4      | Killed Ijyb
  2726 | D:4      | Reached XP level 7. HP: 17/40 MP: 9/9
  2741 | D:4      | 2741 ||| FLEEEEING.
  2742 | D:4      | 2742 ||| FLEEEEING.
  2743 | D:4      | 2743 ||| FLEEEEING.
  2775 | D:4      | 2775 ||| UPGRADING to +2 scale mail of willpower.
  2785 | D:4      | 2785 ||| DROPPING +0 ring mail.
  2786 | D:4      | 2786 ||| DROPPING amulet of magic regeneration.
  2787 | D:4      | 2787 ||| UPGRADING to +5 ring of evasion.
  2788 | D:4      | 2788 ||| READING scroll labelled NIEHOE RAASOAR.
  2789 | D:4      | 2789 ||| DRINKING 2 murky yellow potions.
  2839 | D:5      | Entered Level 5 of the Dungeon
  2839 | D:5      | Found Koih's Armour Shop.
  2842 | D:5      | 2842 ||| BUYING +0 pair of gloves (54 gold).
  2842 | D:5      | Bought a +0 pair of gloves for 54 gold pieces
  2842 | D:5      | 2842 ||| SHOPLISTING +2 scale mail of positive energy (216
                  | gold, have 131).
  2842 | D:5      | 2842 ||| SHOPLISTING +3 scale mail of willpower (312 gold,
                  | have 131).
  2893 | D:5      | Found a staircase to the Ecumenical Temple.
  2894 | D:5      | 2894 ||| PLANNING TEMPLE
  2894 | D:5      | 2894 ||| UPGRADING to +0 pair of gloves.
  2924 | Temple   | Entered the Ecumenical Temple
  2978 | Temple   | 2978 ||| PLANNING OKAWARU WORSHIP
  3140 | Temple   | Became a worshipper of Warmaster Okawaru
  3141 | Temple   | 3141 ||| PLANNING D:1-11
  3250 | D:5      | Reached skill level 11 in Ranged Weapons
  3401 | D:5      | 3401 ||| FLEEEEING.
  3402 | D:5      | 3402 ||| FLEEEEING.
  3525 | D:5      | Reached skill level 12 in Ranged Weapons
  3665 | D:5      | Reached skill level 3 in Fighting
  3665 | D:5      | Reached XP level 8. HP: 39/46 MP: 10/10
  3688 | D:5      | Noticed Edmund
  3714 | D:5      | HP: 9/46 [Edmund/+2 flail of protection (9)]
  3715 | D:5      | 3715 ||| READING scroll of teleportation.
  3862 | D:5      | Found a burning altar of Makhleb.
  3862 | D:5      | Noticed a green death
  3931 | D:5      | Killed Edmund
  3931 | D:5      | Reached * piety under Okawaru
  4006 | D:5      | 4006 ||| READING scroll labelled CASHUUCLETUP.
  4147 | D:6      | 4147 ||| INVOKING Heroism.
  4203 | D:6      | 4203 ||| FLEEEEING.
  4204 | D:6      | 4204 ||| FLEEEEING.
  4205 | D:6      | 4205 ||| FLEEEEING.
  4229 | D:6      | 4229 ||| INVOKING Heroism.
  4233 | D:6      | Reached skill level 13 in Ranged Weapons
  4472 | D:6      | Reached skill level 1 in Invocations
  4524 | D:6      | 4524 ||| INVOKING Heroism.
  4553 | D:6      | Found a glowing silver altar of Zin.
  4665 | D:6      | Found Mauta's Firing Range.
  4672 | D:6      | 4672 ||| BUYING +0 triple crossbow (140 gold).
  4672 | D:6      | Bought a +0 triple crossbow for 140 gold pieces
  4672 | D:6      | 4672 ||| SWAPPING to +0 triple crossbow.
  4673 | D:6      | 4673 ||| DROPPING +0 shortbow.
  4757 | D:6      | 4757 ||| READING 3 scrolls labelled JOOPEETWE.
  4758 | D:6      | 4758 ||| DRINKING 2 white potions.
  4759 | D:6      | 4759 ||| READING 2 scrolls of identify.
  4759 | D:6      | 4759 ||| IDENTIFYING fuming coppery potion
  4760 | D:6      | 4760 ||| DROPPING potion of brilliance.
  4883 | D:7      | 4883 ||| INVOKING Heroism.
  4988 | D:7      | 4988 ||| Stepping ~*~*~tactically~*~*~ (outnumbered).
  4994 | D:7      | Reached skill level 14 in Ranged Weapons
  4998 | D:7      | Reached skill level 3 in Invocations
  5039 | D:7      | Found an ornate altar of the Wu Jian Council.
  5045 | D:7      | 5045 ||| INVOKING Heroism.
  5049 | D:7      | Reached XP level 9. HP: 16/50 MP: 10/13
  5049 | D:7      | HP: 5/50 [gnoll/+0 halberd[a gnoll sergeant] (8)]
  5050 | D:7      | 5050 ||| READING scroll of teleportation.
  5050 | D:7      | Slain by a gnoll

Levels and vault maps discovered:
D:1:      lemuel_arrival_lava_pool, layout_loops_cross, serial_shops,
          nicolae_shop_rolling_square, chequers_serial_rivers_micro_c
D:2:      layout_basic, ebering_ecumenical_altar_box
D:3:      layout_loops_cross, hangedman_ru_absence,
          nicolae_hepliaklqana_hippocampus, st_stairs_7, uniq_grinder
D:4:      layout_gridville, mainiacjoe_overflow_large_starburst, uniq_ijyb
D:5:      layout_loops_cross, makhleb_altar_promises_db,
          minmay_temple_entry_mini_moons, serial_demonic, serial_demonic_e,
          serial_demonic_c, serial_demonic_d, serial_demonic_a, serial_shops,
          shop, uniq_edmund
D:6:      layout_basic, mainiacjoe_overflow_24_doors, kennysheep_cross_room,
          nicolae_shop_firing_range
D:7:      layout_rooms, lemuel_crystal_altar, mainiacjoe_overflow_paths
Temple:   nicolae_temple_figure_eight

Skill      XL: |  1  2  3  4  5  6  7  8 |
---------------+-------------------------+-----
Ranged Weapons | 6 7 9 10 12 14 | 14.0
Fighting       | 2 3 |  3.0
Dodging        | 3 |  3.6
Armour         | 1 2 |  2.3
Invocations    | 3 |  3.2
Stealth        | |  1.2

Action                     |  1- 3 |  4- 6 |  7- 9 || total
---------------------------+-------+-------+-------++-------
   Fire: Shortbow          |   129 |   154 |   276 ||   559
         Triple crossbow   |       |       |    51 ||    51
 Invoke: Heroism           |       |       |     5 ||     5
    Use: Scroll            |     2 |     5 |     6 ||    13
         Potion            |     2 |       |     2 ||     4
 Armour: Leather armour    |     3 |     8 |       ||    11
         Ring mail         |       |    19 |       ||    19
         Scale mail        |       |       |   110 ||   110
  Dodge: Dodged            |    28 |    49 |   189 ||   266

Table legend:
 A = Non-vault XP
 B = Vault XP
 C = Vault XP percentage of total XP
 D = Non-vault monster count
 E = Vault monster count
 F = Vault count percentage of total count
                 A         B        C        D         E       F
            +---------+---------+-------+---------+---------+-------
      Total |    2237 |     619 |  21.7 |     130 |      16 |  11.0
            +---------+---------+-------+---------+---------+-------
        D:1 |      45 |       0 |   0.0 |      25 |       0 |   0.0
        D:2 |      29 |       0 |   0.0 |      10 |       0 |   0.0
        D:3 |      65 |     282 |  81.3 |      26 |       2 |   7.1
        D:4 |     420 |      36 |   7.9 |      16 |       1 |   5.9
        D:5 |     507 |     295 |  36.8 |      15 |      10 |  40.0
        D:6 |     624 |       6 |   1.0 |      17 |       3 |  15.0
        D:7 |     547 |       0 |   0.0 |      21 |       0 |   0.0
            +---------+---------+-------+---------+---------+-------
